Map: [EWC] Alcyone

Players

Astrea

  • Race: Protoss Protoss
  • Spawn Location: 7:00

Dark - Winner!

  • Race: Zerg Zerg
  • Spawn Location: 1:00

Event: Esports World Cup 2024

VOD

Have the link to the VOD?

Description

Time

  • Played on: Aug. 15, 2024, 6:40 a.m.
  • Length: 12:34

All games in this series

Show
View Real Time Build Order
Export as new Build Order

Astrea Protoss 

Build Orders: 1 Gate Expand, Oracle Opening, Zealot Archon 

Get SALT Encoding   

  12  0:00  Probe  
  13  0:12  Probe  
  14  0:17  Pylon  
  14  0:24  Probe (Chrono Boost)  
  15  0:36  Probe (Chrono Boost)  
  15  0:38  Gateway  
  16  0:45  Probe (Chrono Boost)  
  16  0:46  Assimilator  
  17  0:51  Probe  
  18  1:03  Probe  
  19  1:15  Probe  
  20  1:22  Nexus  
  20  1:27  Probe  
  21  1:35  Cybernetics Core  
  21  1:40  Assimilator  
  21  1:42  Probe  
  22  1:49  Pylon  
  22  1:55  Probe  
  23  2:07  Probe (Chrono Boost)  
  24  2:08  Adept (Chrono Boost)  
  26  2:18  Probe (Chrono Boost), Stargate  
  27  2:23  Probe (Chrono Boost)  
  27  2:28  Warp Gate  
  28  2:32  Adept  
  28  2:36  Probe (Chrono Boost)  
  28  2:37  Probe (Chrono Boost)  
  32  2:48  Probe (Chrono Boost)  
  32  2:51  Probe (Chrono Boost)  
  34  2:53  Probe (Chrono Boost)  
  34  2:57  Pylon  
  34  2:58  Probe  
  36  3:00  Oracle (Chrono Boost)  
  36  3:05  Probe  
  40  3:10  Probe  
  43  3:18  Probe  
  44  3:23  Nexus  
  44  3:25  Probe  
  43  3:30  Probe  
  43  3:31  Oracle  
  47  3:38  Gateway  
  47  3:41  Probe  
  48  3:44  Pylon  
  48  3:48  Probe  
  49  3:53  Probe  
  50  3:57  Twilight Council  
  50  4:02  Gateway  
  50  4:04  Gateway  
  50  4:07  Probe x2  
  52  4:14  Assimilator  
  52  4:16  Assimilator  
  52  4:17  Adept  
  52  4:19  Probe x2  
  56  4:24  Resonating Glaives (Chrono Boost)  
  56  4:25  Pylon  
  56  4:31  Probe x2  
  56  4:36  Adept  
  56  4:37  Adept  
  62  4:39  Probe  
  62  4:43  Probe  
  64  4:48  Probe  
  64  4:51  Probe  
  66  4:55  Probe  
  66  4:58  Adept x3  
  73  5:00  Probe  
  73  5:01  Adept  
  73  5:03  Probe  
  75  5:08  Probe  
  75  5:10  Pylon  
  75  5:13  Probe  
  77  5:15  Probe  
  77  5:18  Adept x3  
  77  5:20  Probe  
  85  5:28  Adept  
  87  5:31  Probe x2  
  87  5:32  Probe  
  87  5:33  Pylon  
  87  5:35  Pylon  
  90  5:41  Adept  
  92  5:44  Probe  
  92  5:47  Forge  
  92  5:48  Robotics Facility  
  93  5:51  Adept x3, Probe  
  93  5:54  Probe  
  93  5:56  Assimilator, Probe  
  102  5:59  Assimilator  
  102  6:03  Probe  
  103  6:06  Probe  
  103  6:07  Sentry  
  103  6:08  Probe  
  105  6:15  Probe  
  105  6:17  Sentry x3  
  109  6:18  Probe  
  109  6:21  Probe  
  109  6:24  Gateway  
  106  6:25  Gateway  
  106  6:29  Gateway  
  106  6:30  Protoss Ground Weapons Level 1 (Chrono Boost)  
  106  6:31  Gateway, Sentry  
  108  6:38  Observer (Chrono Boost), Pylon x2  
  109  6:40  Blink, Pylon  
  105  6:47  Stalker  
  105  6:48  Stalker x2, Archon  
  105  6:51  Immortal (Chrono Boost)  
  109  7:01  Stalker  
  106  7:12  Stalker x3  
  112  7:19  Warp Prism  
  112  7:21  Stalker x2, Pylon x2  
  118  7:32  Robotics Facility, Robotics Bay  
  118  7:35  Stalker  
  118  7:37  Shield Battery  
  120  7:40  Stalker x5  
  120  7:43  Shield Battery  
  130  7:49  Shield Battery  
  130  7:52  Pylon, Immortal (Chrono Boost)  
  134  8:10  Stalker x7  
  148  8:22  Colossus (Chrono Boost)  
  148  8:25  Protoss Ground Weapons Level 2 (Chrono Boost), Pylon  
  154  8:35  Nexus  
  154  8:39  Colossus (Chrono Boost)  
  149  8:48  Probe  
  149  9:00  Probe x2  
  149  9:01  Probe  
  150  9:06  Pylon x2  
  150  9:07  Charge (Chrono Boost)  
  144  9:11  Zealot x4  
  144  9:12  Zealot x4, Probe  
  161  9:17  Probe x2  
  161  9:25  Photon Cannon  
  161  9:26  Shield Battery  
  161  9:28  Immortal (Chrono Boost)  
  165  9:33  Assimilator  
  165  9:34  Assimilator  
  165  9:38  Immortal (Chrono Boost)  
  161  9:49  Zealot x7  
  151  10:02  Templar Archives  
  151  10:04  Probe  
  148  10:08  Immortal (Chrono Boost)  
  150  10:15  Photon Cannon  
  150  10:18  Observer, Pylon  
  150  10:20  Oracle  
  154  10:21  Probe x3  
  154  10:23  Psionic Storm  
  154  10:27  Forge  
  157  10:36  Immortal  
  161  10:43  High Templar x5  
  161  10:44  Immortal  
  161  10:48  Zealot x3  
  162  11:16  Zealot x2  
  162  11:17  Zealot x6  
  159  11:23  Templar Archives  
  145  11:27  Robotics Facility x2  
  130  11:37  High Templar x2  
  130  11:38  Zealot x4  
  133  11:44  Immortal  
  120  12:09  Probe x2  
  114  12:20  Nexus  
  108  12:23  Zealot x2  
  108  12:24  Zealot x2  
Show
View Real Time Build Order
Export as new Build Order

Dark Zerg - Winner!

Build Orders: Hatch First, Lurkers, Roach Hydra 

Get SALT Encoding   

  12  0:00  Drone  
  13  0:12  Overlord  
  13  0:17  Drone  
  14  0:31  Drone x2  
  16  0:48  Hatchery  
  15  0:52  Drone  
  15  0:55  Drone  
  17  0:59  Drone  
  18  1:09  Extractor  
  17  1:14  Spawning Pool  
  17  1:18  Drone  
  17  1:20  Drone  
  18  1:29  Drone  
  19  1:40  Drone  
  20  1:52  Drone  
  21  2:01  Queen x2, Overlord  
  21  2:02  Zergling x2  
  26  2:10  Metabolic Boost  
  26  2:13  Zergling x2  
  26  2:14  Zergling x2  
  28  2:22  Drone x2  
  30  2:38  Hatchery, Drone  
  30  2:40  Drone  
  31  2:47  Queen  
  31  2:51  Overlord  
  33  2:53  Drone  
  33  2:56  Drone  
  35  2:58  Drone  
  36  3:09  Queen  
  36  3:10  Zergling x2  
  36  3:12  Drone x2  
  41  3:13  Drone  
  41  3:18  Overlord  
  42  3:20  Drone  
  42  3:21  Drone  
  44  3:36  Queen  
  44  3:37  Drone x5  
  51  3:49  Queen  
  51  3:50  Drone x3  
  54  3:55  Drone  
  54  3:56  Drone x3  
  54  3:59  Spore Crawler  
  57  4:04  Spore Crawler  
  57  4:05  Drone  
  57  4:07  Drone  
  58  4:12  Overlord  
  58  4:14  Overlord  
  58  4:19  Overlord  
  58  4:24  Lair  
  58  4:26  Overlord  
  58  4:28  Overlord  
  58  4:30  Drone x5  
  63  4:33  Zergling x2  
  63  4:34  Zergling x2  
  63  4:35  Drone  
  66  4:39  Drone  
  66  4:40  Evolution Chamber  
  66  4:45  Extractor x2  
  65  4:47  Drone x6  
  71  4:52  Drone x2  
  71  4:53  Drone  
  71  4:57  Drone  
  72  5:04  Zergling x6  
  73  5:09  Zerg Missile Weapons Level 1  
  73  5:12  Roach Warren  
  72  5:14  Drone x8  
  72  5:18  Overlord  
  72  5:20  Drone x4  
  83  5:31  Drone  
  83  5:32  Drone x2, Extractor  
  83  5:33  Drone x3, Extractor  
  83  5:34  Extractor  
  86  5:35  Hydralisk Den  
  85  5:50  Hatchery  
  85  5:53  Roach x8  
  85  5:54  Evolution Chamber  
  101  5:57  Roach x2  
  102  6:05  Roach x2  
  102  6:06  Overlord  
  102  6:11  Roach  
  102  6:16  Glial Reconstitution  
  99  6:19  Overlord  
  99  6:22  Overlord  
  99  6:24  Overlord x2  
  99  6:32  Grooved Spines  
  99  6:34  Overlord  
  99  6:38  Evolution Chamber  
  98  6:46  Drone x11  
  104  6:59  Drone  
  104  7:00  Hydralisk x3  
  111  7:09  Hydralisk x3  
  111  7:12  Overseer  
  111  7:14  Zerg Missile Weapons Level 2  
  117  7:16  Hydralisk  
  117  7:22  Muscular Augments  
  119  7:25  Infestation Pit  
  119  7:29  Drone x7  
  124  7:30  Drone x2  
  126  7:39  Hydralisk x3  
  126  7:43  Hydralisk  
  126  7:44  Hydralisk x2  
  138  7:52  Zergling x12  
  138  7:57  Lurker Den  
  143  7:59  Drone  
  143  8:00  Extractor  
  143  8:01  Extractor  
  143  8:02  Spore Crawler, Hive  
  143  8:04  Ravager  
  142  8:06  Overseer  
  142  8:08  Drone x4  
  142  8:10  Drone x2  
  146  8:16  Zergling x6  
  146  8:17  Zergling x2  
  146  8:18  Zergling x10  
  155  8:20  Zergling x2  
  156  8:32  Overlord x2  
  156  8:35  Overlord x3  
  154  8:48  Hydralisk x5  
  144  8:51  Zergling x14  
  156  9:00  Hydralisk  
  156  9:01  Hydralisk x2  
  160  9:03  Drone  
  160  9:04  Drone x3  
  163  9:11  Zergling x10  
  165  9:27  Viper x2  
  165  9:29  Lurker  
  165  9:30  Lurker x4  
  173  9:34  Seismic Spines  
  163  9:46  Hydralisk x9  
  166  10:03  Nydus Network  
  166  10:07  Overseer  
  159  10:09  Zergling x30  
  174  10:15  Overseer  
  174  10:22  Lurker  
  174  10:23  Lurker x2  
  177  10:29  Zergling x14  
  177  10:31  Adaptive Talons  
  177  10:32  Lurker x2  
  186  10:40  Nydus Canal  
  186  10:51  Hydralisk x2  
  189  10:58  Nydus Canal  
  189  11:00  Drone x3  
  189  11:01  Drone  
  190  11:08  Lurker x2  
  190  11:09  Overlord x2  
  185  11:14  Nydus Canal  
  182  11:21  Hydralisk  
  184  11:27  Hydralisk  
  184  11:28  Hydralisk x2  
  184  11:30  Nydus Canal  
  190  11:41  Hydralisk x3  
  196  11:48  Lurker x4  
  196  11:49  Spore Crawler x2  
  196  11:54  Roach  
  197  12:02  Roach  
  197  12:05  Roach x2  
  198  12:14  Nydus Canal  
Tags
 
Add a new tag
Caveats
  • Supply blocks, unpowered buildings, or Contaminate may cause inaccurate times.
  • Supply counts are checked every 10 seconds.